 Dungeon Crawl Stone Soup version 0.23.2-1-ga50397a (webtiles) character file.

Game seed: 7848836095442728446

28 Iscandelvey the Vexing (level 3, 19/26 HPs)
             Began as a Demonspawn Arcane Marksman on May 2, 2019.
             Quit the game on level 2 of the Dungeon.
             The game lasted 00:00:36 (549 turns).

Iscandelvey the Vexing (Demonspawn Arcane Marksman)  Turns: 549, Time: 00:00:36

Health: 19/26      AC:  2    Str: 10    XL:     3   Next: 0%
Magic:  2/4        EV: 12    Int: 15    God:
Gold:   98         SH:  0    Dex: 13    Spells: 3/4 levels left

rFire    . . .     SeeInvis .   a - +0 hand crossbow
rCold    . . .     Gourm    .   (no shield)
rNeg     . . .     Faith    .   e - +0 robe
rPois    .         Spirit   +   (no helmet)
rElec    .         Reflect  .   (no cloak)
rCorr    .         Harm     .   (no gloves)
MR       .....                  (no boots)
Stlth    +.........             (no amulet)
HPRegen  0.08/turn              (no ring)
MPRegen  0.09/turn              (no ring)

@: mildly poisoned (19 -> 17)
A: claws 1, magic shield
a: no special abilities


You were on level 2 of the Dungeon.
You were not hungry.

You visited 1 branch of the dungeon, and saw 2 of its levels.

You collected 98 gold pieces.

Inventory:

Hand Weapons
 a - a +0 hand crossbow (weapon)
Missiles
 d - 5 bolts (quivered)
Armour
 e - a +0 robe (worn)
Scrolls
 g - a scroll of enchant armour {unknown}
 i - 2 scrolls of identify {unknown}
 j - a scroll of amnesia {unknown}
 l - a scroll of fog {unknown}
 m - a scroll of teleportation {unknown}
Potions
 b - a potion of haste {unknown}
 c - a potion of curing {unknown}
 h - 2 potions of degeneration {unknown}
 k - 2 potions of resistance {unknown}
Comestibles
 f - 5 rations


   Skills:
 + Level 1.3 Fighting
 + Level 2.7 Crossbows
 + Level 2.0 Dodging
 + Level 0.2 Stealth
 + Level 1.0 Spellcasting
 + Level 3.1 Hexes


You had 3 spell levels left.
You knew the following spells:

 Your Spells              Type           Power        Failure   Level  Hunger
a - Corona                Hex            ##.....      7%          1    ##.....

Your spell library contained the following spells:

 Spells                   Type           Power        Failure   Level  Hunger
 Slow                     Hex            ##......     11%         2    ###....
 Inner Flame              Hex/Fire       #.......     36%         3    ####...
 Portal Projectile        Hex/Tloc       #.....       36%         3    ####...
 Cause Fear               Hex            ##........   56%         4    #####..
 Leda's Liquefaction      Hex/Erth       #.........   78%         4    #####..


Dungeon Overview and Level Annotations

Branches:
Dungeon (2/15)

Altars:


Innate Abilities, Weirdness & Mutations

You have sharp fingernails.
When hurt, damage is shared between your health and your magic reserves.


Message History

Firing (i - inventory)
d - 7 bolts (quivered)
Press: ? - help, Shift-Dir - straight line, f/p - adder
Aim: an adder (almost dead)
You shoot a bolt. The bolt misses the adder.
The adder bites you. x2
You are poisoned.
The adder poisons you!
An adder is nearby!
Firing (i - inventory)
d - 6 bolts (quivered)
Press: ? - help, Shift-Dir - straight line, f/p - adder
Aim: an adder (almost dead)
You shoot a bolt. The bolt hits the adder!
You kill the adder!
Your Dodging skill increases to level 2!
You have reached level 3!
Your experience leads to an increase in your attributes!
Increase (S)trength, (I)ntelligence, or (D)exterity?
You feel clever.
Your demonic ancestry asserts itself...
Your fingernails lengthen.
You feel sick.
Are you sure you want to abandon this character and quit the game? (Confirm with "yes".)

#.# #.# #####.###.###
............#
#####.....#.# ###
#........##.###..
#............##.# .
....####.##.<##.# .(.
#...####.##..##.###.....
#...............@((....(
#...#######..##.####.###
#...###......##.####.#
#(.............((....#
#.#.###.###..##.######
....###.###..##.#
....)........##.#
...)....###.....#
(#..##..# #####.#


There were no monsters in sight!

Vanquished Creatures
  An adder (D:2)
  An ooze (D:1)
  4 giant cockroaches
  A goblin (D:1)
  2 hobgoblins (D:2)
  A frilled lizard (D:1)
  3 kobolds
  3 rats (D:1)
16 creatures vanquished.

Notes
Turn   | Place    | Note
-------+----------+-------------------------------------------
     0 | D:1      | Iscandelvey the Demonspawn Arcane Marksman began the quest
                  | for the Orb.
     0 | D:1      | Reached XP level 1. HP: 15/15 MP: 2/2
    44 | D:1      | Gained mutation: When hurt, damage is shared between your
                  | health and your magic reserves. [demonic ancestry]
    44 | D:1      | Reached XP level 2. HP: 18/21 MP: 3/3
   548 | D:2      | Gained mutation: You have sharp fingernails. [demonic
                  | ancestry]
   548 | D:2      | Reached XP level 3. HP: 20/26 MP: 2/4
   549 | D:2      | Quit the game

Skill      XL: |  1  2 |
---------------+-------+-----
Crossbows      | 2 |  2.7
Dodging        | 2 |  2.0
Fighting       | |  1.3
Stealth        | |  0.2
Spellcasting   | |  1.0
Hexes          | |  3.1

Action                   || total
-------------------------++-------
 Fire: Hand crossbow     ||    38
Armor: Robe              ||     1
Dodge: Dodged            ||     5
